 Dungeon Crawl Stone Soup version 0.30-a0-870-gc5d4c5acee (webtiles) character file.

Game seed: 7136822480479142720

228 dolemite99 the Poker (level 5, -2/42 HPs)
             Began as a Minotaur Hunter on Mar 11, 2023.
             Slain by an ogre
             ... wielding a +0 giant club
              (29 damage)
             ... on level 4 of the Dungeon.
             The game lasted 00:03:47 (3060 turns).

dolemite99 the Poker (Minotaur Hunter)              Turns: 3060, Time: 00:03:47

Health: -2/42      AC:  7    Str: 18    XL:     5   Next: 71%
Magic:  4/4        EV: 10    Int:  6    God:
Gold:   139        SH:  0    Dex: 13    Spells: 4/4 levels left

rFire   . . .      SeeInvis .    a - +0 trident
rCold   . . .      Faith    .    (no shield)
rNeg    . . .      Spirit   .    t - +0 scale mail
rPois   .          Reflect  .    (helmet restricted)
rElec   .          Rampage  .    w - +0 cloak
rCorr   .                        (no gloves)
Will    .....                    (no boots) Stlth
                                 (no amulet)
HPRegen 0.27/turn                (no ring)
MPRegen 0.09/turn                (no ring)

@: no status effects
A: horns 2, retaliatory headbutt
a: no special abilities


You were on level 4 of the Dungeon.
You visited 1 branch of the dungeon, and saw 4 of its levels.

You collected 181 gold pieces.
You spent 42 gold pieces at shops.

Inventory:

Hand Weapons
 a - a +0 trident (weapon)
 b - a +0 shortbow
 k - a +0 sling
 s - a +3 heavy flail
 B - a +0 war axe
Armour
 c - a +0 leather armour
 t - a +0 scale mail (worn)
 w - a +0 cloak (worn)
 y - a +0 kite shield
Magical Staves
 i - a staff of earth
Jewellery
 f - a ring of positive energy
 u - a ring of flight
Wands
 o - a wand of charming (4)
Scrolls
 d - a scroll of acquirement {unknown}
 e - a scroll of immolation
 g - 2 scrolls of teleportation {unknown}
 h - a scroll of vulnerability {unknown}
 j - a scroll of identify {unknown}
 l - a scroll of brand weapon {unknown}
 m - a scroll of enchant weapon {unknown}
 p - a scroll of poison {unknown}
 r - a scroll of enchant armour {unknown}
Potions
 n - a potion of resistance {unknown}
 q - a potion of curing
 v - a potion of brilliance {unknown}
 x - 2 potions of invisibility {unknown}
 z - 2 potions of heal wounds {unknown}
 A - a potion of mutation {unknown}


   Skills:
 - Level 2.4 Fighting
 + Level 6.2 Polearms
 - Level 5.0 Ranged Weapons
 - Level 2.1 Dodging
 - Level 0.7 Stealth


You had 4 spell levels left.
You didn't know any spells.
Your spell library was empty.

Dungeon Overview and Level Annotations

Branches:
Dungeon (4/15)
 Temple: D:4-7

Altars:
Nemelex Xobeh
Okawaru
Ru
Wu Jian

Shops:
D:1 (


Innate Abilities, Weirdness & Mutations

You have a pair of horns on your head.
You reflexively headbutt those who attack you in melee.


Message History

The ball python hisses angrily.
You shoot an arrow.
The arrow completely misses the ball python.
The ball python bites you. The ball python grabs you.
The ball python constricts you.
You shoot an arrow. The arrow hits the ball python.
You kill the ball python!
You see here a ball python corpse.
Found a war axe.
Found 6 gold pieces.
You see here a +0 kite shield.
y - a +0 kite shield You see here a +0 leather armour.
You now have 134 gold pieces (gained 6).
There are no items here.
You see here a +0 war axe.
B - a +0 war axe You see here a +0 leather armour.
q - 2 amethyst potions (gained 1)
You now have 139 gold pieces (gained 5).
Found 2 stones.
Found a sacrificial altar of Ru.
An ogre comes into view. It is wielding a +0 giant club.
The ogre shouts!
You shoot an arrow.
The arrow hits the ogre but does no damage.
An ogre is nearby!
You shoot an arrow.
The arrow hits the ogre but does no damage.
You shoot an arrow. The arrow hits the ogre.
The ogre is lightly wounded.
The ogre hits you with a +0 giant club!!
Ouch! That really hurt!
Okay, then.
Okay, then.
a - a +0 trident (weapon)
It was a potion of curing.
You feel better.
The ogre hits you with a +0 giant club!!
Ouch! That really hurt!
You die...

#........... .......
..##.#####..... .......
.......###.#... .......
#...#.#.....†...
........................
.......#........#.<#....
........... ... ##.#....
......O..# # ..#.###
#@.# >....... #..#
....#.###
#..#####....##.#
#........... #.#
#.########.. #.# #.#
#.###.### . #.#
#........ ._#.###.###
#####.### .##.......#
#.#


You could see an ogre.

Vanquished Creatures
  A hound (D:3)
  Terence (D:3)
  An orc wizard (D:3)
  5 adders
  2 worms (D:3)
  3 dart slugs
  8 orcs (D:3)
  11 ball pythons
  4 bats
  4 endoplasms
  4 giant cockroaches
  3 goblins
  9 hobgoblins
  16 kobolds
  4 quokkas
  2 frilled lizards (D:1)
  7 rats
85 creatures vanquished.

Vanquished Creatures (others)
  10 plants (D:1)
10 creatures vanquished.

Grand Total: 95 creatures vanquished

Notes
Turn   | Place    | Note
-------+----------+-------------------------------------------
     0 | D:1      | dolemite99 the Minotaur Hunter began the quest for the Orb.
     0 | D:1      | Reached XP level 1. HP: 18/18 MP: 0/0
   101 | D:1      | Reached XP level 2. HP: 25/25 MP: 1/1
   181 | D:1      | Found Doofuij's Weapon Emporium.
   207 | D:1      | Reached skill level 5 in Ranged Weapons
   219 | D:1      | Bought a +0 trident for 42 gold pieces
   516 | D:1      | Reached skill level 1 in Polearms
   791 | D:1      | Reached skill level 2 in Polearms
   947 | D:2      | Found an iron altar of Okawaru.
   999 | D:2      | Reached XP level 3. HP: 30/30 MP: 2/2
  1130 | D:2      | Reached skill level 3 in Polearms
  1626 | D:2      | Reached XP level 4. HP: 37/37 MP: 3/3
  1659 | D:3      | Found an ornate altar of the Wu Jian Council.
  1686 | D:3      | Noticed Terence
  1693 | D:3      | Killed Terence
  1694 | D:3      | Reached skill level 4 in Polearms
  2002 | D:3      | Reached skill level 5 in Polearms
  2020 | D:3      | Reached XP level 5. HP: 42/42 MP: 4/4
  2139 | D:3      | Found a sparkling altar of Nemelex Xobeh.
  2243 | D:3      | Reached skill level 6 in Polearms
  3045 | D:4      | Found a sacrificial altar of Ru.
  3055 | D:4      | Noticed an ogre
  3060 | D:4      | Slain by an ogre

Illustrated notes

Levels and vault maps discovered:
D:1:      nicolae_arrival_washed_ashore, layout_basic, serial_shops, shop,
          chequers_serial_rivers_room_b, lexackson_kobold_supper
D:2:      layout_basic, basic_altar
D:3:      layout_basic, nemelex_altar_shiori,
          mainiacjoe_overflow_surrounded_room, gup_sewer_entry_bubbles,
          uniq_terence
D:4:      layout_basic, nicolae_overflow_hidden_temple, serial_shops,
          nicolae_shop_behind_doors, shop, shop, nicolae_shop_advertising_works
          [nicolae_subvault_shop_adworks], shop

Skill      XL: |  1  2  3  4  5 |
---------------+----------------+-----
Ranged Weapons | 5 |  5.0
Polearms       | 2 3 5 6 |  6.2
Fighting       | |  2.4
Dodging        | |  2.1
Stealth        | |  0.7

Action                     |  1- 3 |  4- 6 || total
---------------------------+-------+-------++-------
  Melee: Trident           |    82 |    37 ||   119
         Headbutt          |     9 |     2 ||    11
         Punch             |     1 |     1 ||     2
   Fire: Shortbow          |    24 |   104 ||   128
    Use: Scroll            |       |     1 ||     1
         Potion            |       |     1 ||     1
   Stab: Sleeping          |     1 |       ||     1
 Armour: Leather armour    |    20 |       ||    20
         Scale mail        |       |    36 ||    36
  Dodge: Dodged            |    28 |    46 ||    74

Table legend: (Time is in decaauts)
 A = Elapsed time spent in this place.
 B = Non-inter-level travel time spent in this place.
 C = Inter-level travel time spent in this place.
 D = Time resting spent in this place.
 E = Time spent auto-exploring this place.
 F = Levels seen in this place.
 G = Mean time per level.
                   A        B        C        D        E       F      G
               +--------+--------+--------+--------+--------+-----+--------+
         Total |   3164 |   3063 |    101 |    123 |   2186 |   4 |  791.0 |
       Dungeon |   3164 |   3063 |    101 |    123 |   2186 |   4 |  791.0 |
               +--------+--------+--------+--------+--------+-----+--------+

Top non-repeatable levels by time:
     D:3: 1317 daAuts
     D:1: 965 daAuts
     D:2: 713 daAuts
     D:4: 167 daAuts
